Map: Romanticide LE

Players

AGOElazer (Elazer) - Winner!

  • Race: Zerg Zerg
  • Spawn Location: 5:00

TLHarstem (Harstem)

  • Race: Protoss Protoss
  • League: Master
  • Spawn Location: 11:00

Event: DreamHack SC2 Masters 2020 Winter

VOD

Have the link to the VOD?

Description

Time

  • Played on: Oct. 23, 2020, 11:51 a.m.
  • Length: 7:26

All games in this series

Show
View Real Time Build Order
Export as new Build Order

AGOElazer Zerg - Winner!

Build Orders: Hatch First 

Get SALT Encoding   

  12  0:00  Drone  
  13  0:12  Overlord  
  13  0:16  Drone  
  14  0:30  Drone x2  
  16  0:44  Drone  
  17  0:52  Hatchery  
  17  0:54  Drone  
  17  0:58  Drone  
  18  1:09  Extractor  
  17  1:13  Spawning Pool  
  17  1:15  Drone  
  18  1:18  Drone  
  18  1:28  Drone  
  19  1:38  Drone  
  20  1:52  Overlord  
  20  2:00  Queen  
  22  2:03  Queen  
  22  2:04  Drone  
  22  2:05  Zergling x2  
  26  2:09  Metabolic Boost  
  26  2:13  Zergling x2  
  26  2:15  Drone  
  28  2:22  Drone  
  29  2:28  Drone  
  30  2:35  Drone  
  30  2:36  Drone  
  32  2:39  Queen  
  34  2:48  Zergling x2  
  34  2:49  Drone  
  36  2:55  Overlord  
  36  2:58  Hatchery  
  35  2:59  Drone  
  35  3:03  Overlord  
  36  3:13  Drone x6  
  36  3:18  Queen  
  44  3:25  Overlord  
  44  3:27  Drone x2  
  44  3:32  Queen  
  48  3:34  Drone  
  48  3:35  Drone  
  48  3:40  Drone x2  
  52  3:44  Drone  
  53  3:49  Overlord  
  53  3:50  Overlord  
  53  3:51  Drone x2  
  55  3:57  Drone x2  
  55  4:02  Drone  
  58  4:09  Queen  
  58  4:10  Spore Crawler  
  58  4:14  Zergling x6  
  62  4:17  Lair  
  62  4:21  Zergling x4  
  64  4:26  Extractor x2  
  64  4:28  Drone x6  
  68  4:31  Roach Warren  
  68  4:36  Overlord  
  68  4:38  Drone  
  68  4:42  Drone  
  68  4:44  Drone x2  
  71  4:52  Drone x3  
  74  4:57  Overlord  
  73  5:00  Drone x8  
  73  5:06  Queen  
  81  5:07  Queen  
  81  5:10  Overlord  
  78  5:19  Nydus Network, Zergling x8  
  81  5:26  Overlord x2  
  81  5:27  Roach x4  
  89  5:29  Roach  
  89  5:31  Roach  
  89  5:33  Overlord  
  89  5:35  Spore Crawler  
  92  5:37  Drone, Spore Crawler  
  92  5:41  Zergling x6  
  95  5:46  Zergling x2  
  93  5:51  Queen x2  
  93  5:52  Queen  
  93  5:56  Nydus Canal  
  99  5:58  Zergling x10  
  104  6:04  Overlord  
  104  6:10  Roach x5  
  113  6:15  Roach x2  
  116  6:23  Roach x4  
  123  6:26  Nydus Canal  
  123  6:29  Roach  
  122  6:36  Roach x6  
  128  6:42  Roach  
  125  6:49  Queen x2  
  128  6:58  Roach  
  128  7:00  Ravager  
  128  7:01  Ravager  
  126  7:04  Roach x3, Zergling x4  
  126  7:06  Overlord  
Show
View Real Time Build Order
Export as new Build Order

TLHarstem Protoss 

Build Orders: 1 Gate Expand, Oracle Opening 

Get SALT Encoding   

  12  0:00  Probe  
  13  0:12  Probe  
  14  0:20  Pylon  
  14  0:24  Probe  
  15  0:38  Probe (Chrono Boost)  
  15  0:41  Gateway  
  16  0:48  Probe (Chrono Boost)  
  17  0:52  Assimilator  
  17  0:53  Probe (Chrono Boost)  
  18  1:05  Probe  
  19  1:17  Probe  
  20  1:26  Nexus  
  20  1:36  Cybernetics Core  
  20  1:40  Probe  
  20  1:46  Assimilator  
  21  1:52  Probe  
  22  1:56  Pylon  
  22  2:04  Probe  
  23  2:12  Adept (Chrono Boost)  
  25  2:16  Probe  
  26  2:23  Stargate  
  26  2:28  Probe (Chrono Boost)  
  27  2:35  Adept  
  27  2:36  Warp Gate  
  30  2:39  Probe (Chrono Boost)  
  30  2:41  Probe (Chrono Boost)  
  31  2:48  Probe (Chrono Boost)  
  31  2:49  Probe (Chrono Boost)  
  33  2:54  Probe (Chrono Boost)  
  33  2:55  Probe  
  35  3:05  Stalker  
  37  3:07  Probe  
  37  3:09  Probe  
  37  3:10  Oracle (Chrono Boost)  
  37  3:11  Pylon  
  42  3:19  Probe  
  43  3:22  Probe  
  43  3:26  Gateway  
  44  3:31  Probe  
  45  3:34  Probe  
  49  3:41  Oracle  
  49  3:43  Pylon, Probe  
  49  3:46  Probe  
  51  3:55  Probe  
  52  3:57  Twilight Council  
  52  4:01  Pylon  
  53  4:07  Probe  
  53  4:09  Nexus  
  53  4:11  Probe  
  54  4:19  Probe  
  54  4:23  Probe  
  56  4:24  Adept x2  
  56  4:25  Resonating Glaives (Chrono Boost)  
  60  4:31  Probe  
  60  4:33  Assimilator x2  
  60  4:35  Probe  
  60  4:38  Pylon  
  62  4:43  Probe  
  62  4:45  Adept x2  
  67  4:47  Probe  
  67  4:49  Forge  
  68  4:54  Pylon  
  68  4:55  Probe  
  68  4:59  Probe  
  66  5:08  Probe  
  67  5:14  Adept x2  
  67  5:15  Probe  
  67  5:20  Robotics Facility, Probe  
  67  5:21  Probe  
  74  5:22  Protoss Ground Weapons Level 1 (Chrono Boost)  
  74  5:27  Probe  
  75  5:31  Gateway  
  75  5:32  Gateway, Probe  
  75  5:33  Probe  
  75  5:35  Adept x2  
  81  5:39  Pylon  
  81  5:40  Probe  
  82  5:44  Probe  
  82  5:45  Probe  
  83  5:52  Probe  
  83  5:53  Templar Archives  
  83  5:55  Pylon  
  83  5:56  Probe  
  85  5:57  Probe  
  85  6:00  Zealot, Sentry  
  90  6:06  Assimilator  
  90  6:10  Assimilator  
  91  6:13  Immortal (Chrono Boost)  
  91  6:17  Shield Battery  
  94  6:21  Sentry  
  94  6:22  Shield Battery  
  94  6:24  Stalker  
  98  6:29  Shield Battery  
  98  6:31  Photon Cannon  
  98  6:32  Probe  
  93  6:33  Stalker  
  93  6:35  Zealot  
  93  6:36  Probe  
  93  6:38  Probe  
  96  6:42  Pylon, Immortal (Chrono Boost)  
  96  6:44  Probe  
  91  6:48  Stalker x2, Probe  
  91  6:50  Probe  
  88  6:56  Probe  
  88  6:58  Zealot  
  88  6:59  Sentry  
  88  7:00  Probe  
  90  7:02  Probe  
  91  7:08  Probe  
  91  7:12  Probe  
  91  7:15  Zealot, Sentry  
  89  7:20  Stalker  
Tags
 
Add a new tag
Caveats
  • Supply blocks, unpowered buildings, or Contaminate may cause inaccurate times.
  • Supply counts are checked every 10 seconds.